| TOP OF THE 1ST |
|
Santa Ana Cafes batting - Pitching for Fort de France Carnivals : RHP Jose Guzman
|
|
Pitching: RHP Jose Guzman
|
|
|
Batting: SHB Steve Scafa
|
0-0: Called Strike 0-1: Foul Ball, location: 2F 0-2: Strikes out swinging
|
|
Batting: RHB Mark Wasinger
|
0-0: Called Strike 0-1: Ball 1-1: Foul Ball, location: 2F 1-2: Ball 2-2: Ball 3-2: Ground out 6-3 (Groundball, 6M, EV 83.1 MPH)
|
|
Batting: RHB Glenn Davis
|
0-0: Ball 1-0: Fly out, F2 (Popup, 3SF, EV 73.8 MPH)
|
| Top of the 1st over - 0 runs, 0 hits, 0 errors, 0 left on base; Santa Ana 0 - Fort de France 0 |
| BOTTOM OF THE 1ST |
|
Fort de France Carnivals batting - Pitching for Santa Ana Cafes : LHP Bill Scherrer
|
|
Pitching: LHP Bill Scherrer
|
|
|
Batting: SHB Gary Pettis
|
0-0: Ball 1-0: Ball 2-0: Foul Ball, location: 2F 2-1: Ball 3-1: Foul Ball, location: 2F 3-2: Ground out 6-3 (Groundball, 6, EV 82.5 MPH)
|
|
Batting: RHB Eddie Vargas
|
0-0: Ball 1-0: Foul Ball, location: 2F 1-1: Ball 2-1: Foul Ball, location: 2F 2-2: Foul Ball, location: 2F 2-2: Ground out 5-3 (Groundball, 56, EV 83.8 MPH)
|
|
Batting: RHB Dave Stenhouse
|
0-0: SINGLE (Groundball, 6MD, EV 97.5 MPH)
|
|
Batting: LHB Omar Guerrero
|
0-0: Called Strike 0-1: Ball 1-1: Foul Ball, location: 2F 1-2: Foul Ball, location: 2F 1-2: DOUBLE (Line Drive, 7LS, EV 101.3 MPH) Dave Stenhouse to third Runner from 3rd tries for Home, SAFE, no throw by LF
|
|
Batting: LHB Steve Sbragia
|
0-0: Ball 1-0: Ground out 3-1 (Groundball, 34, EV 83.8 MPH)
|
| Bottom of the 1st over - 1 run, 2 hits, 0 errors, 1 left on base; Santa Ana 0 - Fort de France 1 |
| TOP OF THE 2ND |
|
Santa Ana Cafes batting - Pitching for Fort de France Carnivals : RHP Jose Guzman
|
|
Batting: RHB Barry Siebert
|
0-0: Called Strike 0-1: Ball 1-1: Called Strike 1-2: Strikes out swinging
|
|
Batting: LHB Andre David
|
0-0: Called Strike 0-1: Foul Ball, location: 2F 0-2: SINGLE (Groundball, 6MD, EV 98.8 MPH)
|
|
Batting: RHB Fred Manrique
|
0-0: Ball Andre David is caught stealing 2nd base 2-4 1-0: Called Strike 1-1: Swinging Strike 1-2: Fly out, F5 (Line Drive, 5, EV 67.5 MPH)
|
| Top of the 2nd over - 0 runs, 1 hit, 0 errors, 0 left on base; Santa Ana 0 - Fort de France 1 |
| BOTTOM OF THE 2ND |
|
Fort de France Carnivals batting - Pitching for Santa Ana Cafes : LHP Bill Scherrer
|
|
Batting: LHB Mike McCain
|
0-0: Called Strike 0-1: Foul Ball, location: 2F 0-2: Ball 1-2: Foul Ball, location: 2F 1-2: Foul Ball, location: 2F 1-2: SINGLE (Groundball, 34, EV 104.4 MPH)
|
|
Batting: RHB Mario Diaz
|
0-0: Ball 1-0: Ball 2-0: Ball 3-0: Called Strike 3-1: Fly out, F9 (Flyball, 89M, EV 85.0 MPH)
|
|
Batting: LHB Robert Markham
|
0-0: Foul Ball, location: 2F 0-1: Ball 1-1: Ball 2-1: Ball 3-1: Base on Balls Mike McCain to second
|
|
Batting: RHB Julio Collazo
|
0-0: Fly out, F8 (Flyball, 78XD, EV 86.9 MPH) Runner from 2nd tags up, SAFE at 3rd, no throw by CF
|
|
Batting: SHB Gary Pettis
|
0-0: Ball 1-0: Called Strike 1-1: Ball 2-1: Swinging Strike 2-2: Ball 3-2: Strikes out swinging
|
| Bottom of the 2nd over - 0 runs, 1 hit, 0 errors, 2 left on base; Santa Ana 0 - Fort de France 1 |
| TOP OF THE 3RD |
|
Santa Ana Cafes batting - Pitching for Fort de France Carnivals : RHP Jose Guzman
|
|
Batting: RHB Kevin Buckley
|
0-0: SINGLE (Line Drive, 9LS, EV 96.9 MPH)
|
|
Batting: RHB Edwin Rodriguez
|
0-0: Ball 1-0: Called Strike 1-1: Ball 2-1: Swinging Strike 2-2: Ball 3-2: Base on Balls Kevin Buckley to second
|
|
Batting: SHB Esteban Mendez
|
0-0: Ball 1-0: Ball 2-0: Called Strike 2-1: Ball 3-1: Base on Balls Kevin Buckley to third Edwin Rodriguez to second
|
|
Batting: SHB Steve Scafa
|
0-0: Foul Ball, location: 2F 0-1: Fielders Choice at 2nd, 3-6 (Groundball, 34S, EV 81.9 MPH) Kevin Buckley scores Edwin Rodriguez to third
|
|
Batting: RHB Mark Wasinger
|
0-0: Fielders Choice at 2nd, 6-4 (Groundball, 56, EV 90.0 MPH) Edwin Rodriguez scores
|
|
Batting: RHB Glenn Davis
|
0-0: Ball 1-0: Ball 2-0: SINGLE (Line Drive, 89M, EV 102.5 MPH) Mark Wasinger to second Runner from 2nd tries for 3rd, SAFE, no throw by RF
|
|
Batting: RHB Barry Siebert
|
0-0: Ball 1-0: Called Strike 1-1: Foul Ball, location: 2F 1-2: Ball 2-2: Ball 3-2: Base on Balls Glenn Davis to second
|
|
Batting: LHB Andre David
|
0-0: Fly out, F8 (Line Drive, 8RD, EV 87.5 MPH)
|
| Top of the 3rd over - 2 runs, 2 hits, 0 errors, 3 left on base; Santa Ana 2 - Fort de France 1 |
| BOTTOM OF THE 3RD |
|
Fort de France Carnivals batting - Pitching for Santa Ana Cafes : LHP Bill Scherrer
|
|
Batting: RHB Eddie Vargas
|
0-0: Foul Ball, location: 2F 0-1: Called Strike 0-2: Strikes out looking
|
|
Batting: RHB Dave Stenhouse
|
0-0: Ball 1-0: Ball 2-0: Called Strike 2-1: Ground out 6-3 (Groundball, 6, EV 82.5 MPH)
|
|
Batting: LHB Omar Guerrero
|
0-0: Swinging Strike 0-1: Swinging Strike 0-2: Fly out, F7 (Flyball, 7, EV 98.8 MPH)
|
| Bottom of the 3rd over - 0 runs, 0 hits, 0 errors, 0 left on base; Santa Ana 2 - Fort de France 1 |
| TOP OF THE 4TH |
|
Santa Ana Cafes batting - Pitching for Fort de France Carnivals : RHP Jose Guzman
|
|
Batting: RHB Fred Manrique
|
0-0: Fly out, F7 (Flyball, 78M, EV 91.9 MPH)
|
|
Batting: RHB Kevin Buckley
|
0-0: Ball 1-0: Swinging Strike 1-1: Fly out, F9 (Flyball, 9D, EV 101.3 MPH)
|
|
Batting: RHB Edwin Rodriguez
|
0-0: Foul Ball, location: 2F 0-1: Called Strike 0-2: Strikes out swinging
|
| Top of the 4th over - 0 runs, 0 hits, 0 errors, 0 left on base; Santa Ana 2 - Fort de France 1 |
| BOTTOM OF THE 4TH |
|
Fort de France Carnivals batting - Pitching for Santa Ana Cafes : LHP Bill Scherrer
|
|
Batting: LHB Steve Sbragia
|
0-0: Called Strike 0-1: Fly out, F9 (Flyball, 9S, EV 95.0 MPH)
|
|
Batting: LHB Mike McCain
|
0-0: Called Strike 0-1: Ball 1-1: Fly out, F8 (Flyball, 8LD, EV 106.3 MPH)
|
|
Batting: RHB Mario Diaz
|
0-0: SINGLE (Line Drive, 4D, EV 103.8 MPH)
|
|
Batting: LHB Robert Markham
|
0-0: Ball 1-0: Called Strike 1-1: Swinging Strike 1-2: Ball 2-2: Foul Ball, location: 2F 2-2: Ball Mario Diaz is caught stealing 2nd base 2-6
|
| Bottom of the 4th over - 0 runs, 1 hit, 0 errors, 0 left on base; Santa Ana 2 - Fort de France 1 |
| TOP OF THE 5TH |
|
Santa Ana Cafes batting - Pitching for Fort de France Carnivals : RHP Jose Guzman
|
|
Batting: SHB Esteban Mendez
|
0-0: Called Strike 0-1: Ball 1-1: Swinging Strike 1-2: Ground out U3 (Groundball, 3, EV 85.0 MPH)
|
|
Batting: SHB Steve Scafa
|
0-0: Ball 1-0: Foul Ball, location: 2F 1-1: Foul Ball, location: 2F 1-2: Foul Ball, location: 2F 1-2: Ball 2-2: Ball 3-2: Fly out, F7 (Flyball, 7LS, EV 86.9 MPH)
|
|
Batting: RHB Mark Wasinger
|
0-0: Called Strike 0-1: Foul Ball, location: 2F 0-2: Foul Ball, location: 2F 0-2: Foul Ball, location: 2F 0-2: Ball 1-2: Ball 2-2: Ball 3-2: Base on Balls
|
|
Batting: RHB Glenn Davis
|
0-0: Ball 1-0: Swinging Strike Mark Wasinger steals 2nd base (no throw) 1-1: SINGLE (Line Drive, 34, EV 102.5 MPH) Mark Wasinger to third Runner from 3rd tries for Home, SAFE, throw by RF to home
|
|
Batting: RHB Barry Siebert
|
0-0: Called Strike 0-1: Reached on error, E6 (Groundball, 6, EV 86.9 MPH) Glenn Davis to second
|
|
Batting: LHB Andre David
|
0-0: Called Strike 0-1: Ball 1-1: Foul Ball, location: 2F 1-2: Ball 2-2: Foul Ball, location: 2F 2-2: Ball 3-2: SINGLE (Groundball, 4MD, EV 83.8 MPH) (infield hit) Glenn Davis to third Barry Siebert to second
|
|
Batting: RHB Fred Manrique
|
0-0: Ball 1-0: Swinging Strike 1-1: Ground out 3-1 (Groundball, 13, EV 80.0 MPH)
|
| Top of the 5th over - 1 run, 2 hits, 1 error, 3 left on base; Santa Ana 3 - Fort de France 1 |
| BOTTOM OF THE 5TH |
|
Fort de France Carnivals batting - Pitching for Santa Ana Cafes : LHP Bill Scherrer
|
|
Batting: LHB Robert Markham
|
0-0: Called Strike 0-1: Swinging Strike 0-2: Fly out, F4 (Flyball, 34D, EV 73.8 MPH)
|
|
Batting: RHB Julio Collazo
|
0-0: Called Strike 0-1: Foul Ball, location: 2F 0-2: Strikes out looking
|
|
Batting: SHB Gary Pettis
|
0-0: Called Strike 0-1: Swinging Strike 0-2: Ball 1-2: Ball 2-2: Strikes out swinging
|
| Bottom of the 5th over - 0 runs, 0 hits, 0 errors, 0 left on base; Santa Ana 3 - Fort de France 1 |
| TOP OF THE 6TH |
|
Santa Ana Cafes batting - Pitching for Fort de France Carnivals : RHP Jose Guzman
|
|
Batting: RHB Kevin Buckley
|
0-0: Ball 1-0: Foul Ball, location: 2F 1-1: Ball 2-1: Ball 3-1: SINGLE (Groundball, 56D, EV 101.9 MPH)
|
|
Pitching: LHP John LoCascio
|
|
|
Batting: RHB Edwin Rodriguez
|
0-0: Foul Ball, location: 2F 0-1: Ball 1-1: Foul Ball, location: 2F 1-2: Ball 2-2: Strikes out swinging
|
|
Batting: SHB Esteban Mendez
|
0-0: Swinging Strike 0-1: Ball 1-1: Ball 2-1: Ball 3-1: Foul Ball, location: 2F 3-2: Fly out, F1 (Line Drive, P, EV 66.9 MPH)
|
|
Batting: SHB Steve Scafa
|
0-0: Foul Ball, location: 2F 0-1: Called Strike 0-2: Strikes out swinging
|
| Top of the 6th over - 0 runs, 1 hit, 0 errors, 1 left on base; Santa Ana 3 - Fort de France 1 |
| BOTTOM OF THE 6TH |
|
Fort de France Carnivals batting - Pitching for Santa Ana Cafes : LHP Bill Scherrer
|
|
Batting: RHB Eddie Vargas
|
0-0: Ground out 6-3 (Groundball, 6, EV 85.6 MPH)
|
|
Batting: RHB Dave Stenhouse
|
0-0: Ball 1-0: Fly out, F8 (Flyball, 78S, EV 79.4 MPH)
|
|
Batting: LHB Omar Guerrero
|
0-0: Ball 1-0: Swinging Strike 1-1: Called Strike 1-2: Foul Ball, location: 2F 1-2: Foul Ball, location: 2F 1-2: Foul Ball, location: 2F 1-2: Ball 2-2: Ball 3-2: Fly out, F5 (Popup, 5, EV 63.1 MPH)
|
| Bottom of the 6th over - 0 runs, 0 hits, 0 errors, 0 left on base; Santa Ana 3 - Fort de France 1 |
| TOP OF THE 7TH |
|
Santa Ana Cafes batting - Pitching for Fort de France Carnivals : LHP John LoCascio
|
|
Batting: RHB Mark Wasinger
|
0-0: Ball 1-0: Ball 2-0: Called Strike 2-1: Ball 3-1: Called Strike 3-2: Strikes out swinging
|
|
Batting: RHB Glenn Davis
|
0-0: Ball 1-0: Ground out 6-3 (Groundball, 6, EV 84.4 MPH)
|
|
Batting: RHB Barry Siebert
|
0-0: Called Strike 0-1: Ball 1-1: SINGLE (Groundball, 4MD, EV 110.6 MPH)
|
|
Batting: LHB Andre David
|
0-0: Ball 1-0: Fly out, F8 (Flyball, 8RD, EV 100.6 MPH)
|
| Top of the 7th over - 0 runs, 1 hit, 0 errors, 1 left on base; Santa Ana 3 - Fort de France 1 |
| BOTTOM OF THE 7TH |
|
Fort de France Carnivals batting - Pitching for Santa Ana Cafes : LHP Bill Scherrer
|
|
Batting: LHB Steve Sbragia
|
0-0: Ball 1-0: Called Strike 1-1: Foul Ball, location: 2F 1-2: Ball 2-2: SINGLE (Groundball, 4D, EV 95.6 MPH)
|
|
Batting: LHB Mike McCain
|
0-0: Ball 1-0: Ball 2-0: Ball 3-0: Base on Balls Steve Sbragia to second
|
|
Pinch Runner at 2nd Felix Agapay:
|
|
|
Batting: RHB Mario Diaz
|
0-0: Grounds into double play, 4-6-3 (Groundball, 4, EV 83.8 MPH) Felix Agapay to third
|
|
Batting: LHB Robert Markham
|
0-0: Called Strike 0-1: Ball 1-1: Foul Ball, location: 2F 1-2: Foul Ball, location: 2F 1-2: Fly out, F3 (Popup, 3S, EV 83.8 MPH)
|
| Bottom of the 7th over - 0 runs, 1 hit, 0 errors, 1 left on base; Santa Ana 3 - Fort de France 1 |
| TOP OF THE 8TH |
|
Santa Ana Cafes batting - Pitching for Fort de France Carnivals : LHP John LoCascio
|
|
Now in RF: Felix Agapay
|
|
|
Batting: RHB Fred Manrique
|
0-0: Ball 1-0: Ball 2-0: Called Strike 2-1: Called Strike 2-2: Strikes out swinging
|
|
Batting: RHB Kevin Buckley
|
0-0: Called Strike 0-1: Foul Ball, location: 2F 0-2: Ball 1-2: Strikes out swinging
|
|
Batting: RHB Edwin Rodriguez
|
0-0: Called Strike 0-1: Called Strike 0-2: Strikes out swinging
|
| Top of the 8th over - 0 runs, 0 hits, 0 errors, 0 left on base; Santa Ana 3 - Fort de France 1 |
| BOTTOM OF THE 8TH |
|
Fort de France Carnivals batting - Pitching for Santa Ana Cafes : LHP Bill Scherrer
|
|
Batting: RHB Julio Collazo
|
0-0: Ball 1-0: Called Strike 1-1: Ball 2-1: Ball 3-1: Called Strike 3-2: Base on Balls
|
|
Batting: SHB Gary Pettis
|
0-0: Ball 1-0: SINGLE (Line Drive, 78S, EV 92.5 MPH) Julio Collazo to second
|
|
Batting: RHB Eddie Vargas
|
0-0: Ball 1-0: Ball 2-0: Called Strike 2-1: Foul Ball, location: 2F 2-2: Ball Wild Pitch! Julio Collazo to third Gary Pettis to second 3-2: Base on Balls
|
|
Batting: RHB Dave Stenhouse
|
0-0: Ball 1-0: Swinging Strike 1-1: Ball 2-1: Foul Ball, location: 2F 2-2: Ball 3-2: Foul Ball, location: 2F 3-2: Foul Ball, location: 2F 3-2: SINGLE (Groundball, 6MD, EV 95.6 MPH) Julio Collazo scores Gary Pettis to third Eddie Vargas to second Runner from 3rd tries for Home, SAFE, throw by CF to home
|
|
Pitching: RHP Rick Behenna
|
|
|
Batting: LHB Omar Guerrero
|
0-0: Ball 1-0: Called Strike 1-1: Called Strike 1-2: Strikes out swinging
|
|
Batting: LHB Felix Agapay
|
0-0: Ball 1-0: Swinging Strike 1-1: Ball 2-1: Foul Ball, location: 2F 2-2: Ball 3-2: Strikes out looking
|
|
Batting: LHB Mike McCain
|
0-0: Called Strike 0-1: Ball 1-1: Called Strike 1-2: Ball 2-2: Foul Ball, location: 2F 2-2: Foul Ball, location: 2F 2-2: Ball 3-2: Base on Balls Eddie Vargas to third Dave Stenhouse to second
|
|
Batting: RHB Mario Diaz
|
0-0: Ball 1-0: SINGLE (Groundball, 5S, EV 76.3 MPH) (infield hit) Eddie Vargas scores Dave Stenhouse to third Mike McCain to second
|
|
Batting: LHB Robert Markham
|
0-0: Called Strike 0-1: Swinging Strike 0-2: Strikes out swinging
|
| Bottom of the 8th over - 3 runs, 3 hits, 0 errors, 3 left on base; Santa Ana 3 - Fort de France 4 |
| TOP OF THE 9TH |
|
Santa Ana Cafes batting - Pitching for Fort de France Carnivals : LHP John LoCascio
|
|
Pitching: RHP Joel Willett
|
|
|
Batting: SHB Esteban Mendez
|
0-0: Ball 1-0: Ground out 4-3 (Groundball, 4, EV 83.8 MPH)
|
|
Batting: SHB Steve Scafa
|
0-0: Called Strike 0-1: Ball 1-1: Ball 2-1: Ball 3-1: Base on Balls
|
|
Batting: RHB Mark Wasinger
|
0-0: Called Strike 0-1: Ball 1-1: Foul Ball, location: 2F 1-2: Strikes out swinging
|
|
Batting: RHB Glenn Davis
|
0-0: Foul Ball, location: 2F 0-1: Ball 1-1: Foul Ball, location: 2F 1-2: SINGLE (Groundball, 5D, EV 100.6 MPH) Steve Scafa to second
|
|
Batting: RHB Barry Siebert
|
0-0: SINGLE (Flyball, 9LS, EV 90.0 MPH) Steve Scafa to third Glenn Davis to second Runner from 3rd tries for Home, SAFE, throw by RF to home
|
|
Batting: LHB Andre David
|
0-0: Called Strike 0-1: Ball 1-1: Foul Ball, location: 2F 1-2: Ground out U3 (Groundball, 3S, EV 90.0 MPH)
|
| Top of the 9th over - 1 run, 2 hits, 0 errors, 2 left on base; Santa Ana 4 - Fort de France 4 |
| BOTTOM OF THE 9TH |
|
Fort de France Carnivals batting - Pitching for Santa Ana Cafes : RHP Rick Behenna
|
|
Pitching: RHP Clyde Reichard
|
|
|
Batting: RHB Julio Collazo
|
0-0: Called Strike 0-1: Foul Ball, location: 2F 0-2: Foul Ball, location: 2F 0-2: Fly out, F9 (Flyball, 9, EV 84.4 MPH)
|
|
Batting: SHB Gary Pettis
|
0-0: Ball 1-0: Foul Ball, location: 2F 1-1: Swinging Strike 1-2: Foul Ball, location: 2F 1-2: Ground out 6-3 (Groundball, 6, EV 85.0 MPH)
|
|
Batting: RHB Eddie Vargas
|
0-0: Foul Ball, location: 2F 0-1: Foul Ball, location: 2F 0-2: Ball 1-2: Ball 2-2: SINGLE (Line Drive, 89S, EV 96.9 MPH)
|
|
Batting: RHB Dave Stenhouse
|
0-0: Ball 1-0: Called Strike 1-1: DOUBLE (Flyball, 8RXD, EV 108.8 MPH) Eddie Vargas to third Runner from 3rd tries for Home, SAFE, throw by CF to home
|
| Bottom of the 9th over - 1 run, 2 hits, 0 errors, 0 left on base; Santa Ana 4 - Fort de France 5 |
|